[ AOE2 MATCH · #505135998 ]
UnrankedKhitans vs Hindustanis
Player's team · LOSS
[ REPLAY ANALYSIS · EXTRACTED FROM THE RECORDED GAME ]
Feudal
9:46
Castle
20:10
Imperial
39:22
| APM avg | 66.6 |
| APM peak | 151 |
| eAPM avg | 44.8 |
| Villagers / military | 268 / 40 |
Focus
⚔️ 56.1% · 🌾 43.9%
Scout Cavalry ×33 · Unknown (1920) ×29 · Iron Pagoda ×4 · Trebuchet (Packed) ×2 · Battering Ram ×1
Feudal
10:55
Castle
14:32
Imperial
30:19
| APM avg | 82.7 |
| APM peak | 150 |
| eAPM avg | 55.5 |
| Villagers / military | 173 / 119 |
Focus
⚔️ 49.5% · 🌾 50.5%
Camel Scout ×57 · Hand Cannoneer ×31 · Ghulam ×12 · Trebuchet (Packed) ×6 · Mangonel ×5 · Armored Elephant ×4
Match map
Initial resources + every placement click. Lines = walls · curves = elevation contours. ◆ gold · ⬟ stone · ● berries · ✦ relic · ◌ wall gap
Your base· ✓ Closed at 20:10 · 4t walls · 2 gate(s)
CesarFight's base· ✓ Closed at 14:32 · 34t walls · 3 gate(s)
Smoothed initial terrain · ◌ = detected wall gap · hover for details
Inputs per minute
— HaraKiri_aoe - - CesarFight
Build order — HaraKiri_aoe
First 150 of 522 actions detected
| 0:01 | Create | Villager (Male) |
| 0:02 | Build | House |
| 0:02 | Create | Villager (Male) |
| 0:04 | Build | House |
| 0:04 | Create | Villager (Male) |
| 0:09 | Create | Villager (Male) |
| 1:23 | Create | Villager (Male) |
| 1:41 | Create | Villager (Male) |
| 1:41 | Create | Villager (Male) |
| 1:49 | Build | Lumber Camp |
| 2:15 | Create | Villager (Male) |
| 2:45 | Create | Villager (Male) |
| 3:03 | Create | Villager (Male) |
| 3:29 | Create | Villager (Male) |
| 3:57 | Create | Villager (Male) |
| 3:57 | Create | Villager (Male) |
| 4:08 | Build | House |
| 4:22 | Create | Villager (Male) |
| 4:23 | Create | Villager (Male) |
| 4:44 | Build | Mill |
| 4:49 | Create | Villager (Male) |
| 4:49 | Create | Villager (Male) |
| 4:50 | Create | Villager (Male) |
| 5:21 | Create | Villager (Male) |
| 5:36 | Create | Villager (Male) |
| 5:36 | Create | Villager (Male) |
| 5:52 | Research | Loom |
| 5:56 | Build | Palisade Wall |
| 5:59 | Build | Palisade Wall |
| 6:01 | Build | Palisade Wall |
| 6:02 | Build | Palisade Wall |
| 6:04 | Create | Villager (Male) |
| 6:08 | Build | House |
| 6:22 | Create | Villager (Male) |
| 6:25 | Create | Villager (Male) |
| 7:06 | Create | Villager (Male) |
| 7:36 | Research | Feudal Age |
| 8:09 | Build | Mill |
| 9:17 | Build | House |
| 9:27 | Create | Villager (Male) |
| 9:40 | Build | Mining Camp |
| 9:44 | Create | Villager (Male) |
| 9:46 | Age | Feudal Age |
| 9:49 | Build | Watch Tower |
| 9:53 | Build | Watch Tower |
| 10:00 | Create | Villager (Male) |
| 10:22 | Build | Blacksmith |
| 10:25 | Create | Villager (Male) |
| 10:42 | Create | Villager (Male) |
| 10:44 | Create | Villager (Male) |
| 11:06 | Create | Villager (Male) |
| 11:17 | Create | Villager (Male) |
| 11:19 | Build | House |
| 11:23 | Build | Market |
| 11:26 | Research | Double-Bit Axe |
| 11:27 | Research | Double-Bit Axe |
| 11:27 | Create | Villager (Male) |
| 11:29 | Create | Villager (Male) |
| 11:32 | Build | Pasture |
| 11:42 | Create | Villager (Male) |
| 11:57 | Build | House |
| 11:58 | Build | House |
| 12:13 | Create | Villager (Male) |
| 12:17 | Create | Villager (Male) |
| 12:17 | Create | Villager (Male) |
| 12:18 | Create | Villager (Male) |
| 12:18 | Create | Villager (Male) |
| 12:34 | Build | Watch Tower |
| 12:40 | Research | Fletching |
| 12:40 | Research | Fletching |
| 12:40 | Create | Villager (Male) |
| 12:40 | Create | Villager (Male) |
| 12:52 | Create | Villager (Male) |
| 13:00 | Create | Villager (Male) |
| 13:09 | Build | Mining Camp |
| 13:26 | Create | Villager (Male) |
| 13:26 | Create | Villager (Male) |
| 13:31 | Build | Pasture |
| 13:53 | Create | Villager (Male) |
| 13:56 | Build | Pasture |
| 14:05 | Research | Town Watch |
| 14:05 | Research | Town Watch |
| 14:06 | Create | Villager (Male) |
| 14:20 | Create | Villager (Male) |
| 14:21 | Create | Villager (Male) |
| 14:27 | Create | Villager (Male) |
| 14:37 | Build | Pasture |
| 14:41 | Create | Villager (Male) |
| 14:41 | Create | Villager (Male) |
| 14:54 | Create | Villager (Male) |
| 15:01 | Create | Villager (Male) |
| 15:12 | Create | Villager (Male) |
| 15:19 | Build | Barracks |
| 15:22 | Create | Villager (Male) |
| 15:33 | Create | Villager (Male) |
| 15:39 | Create | Villager (Male) |
| 15:46 | Create | Villager (Male) |
| 15:54 | Create | Villager (Male) |
| 16:06 | Create | Villager (Male) |
| 16:08 | Build | Watch Tower |
| 16:11 | Create | Villager (Male) |
| 16:26 | Build | Stable |
| 16:38 | Create | Villager (Male) |
| 16:50 | Create | Villager (Male) |
| 16:52 | Build | House |
| 17:03 | Build | Outpost |
| 17:23 | Build | Pasture |
| 17:30 | Research | Castle Age |
| 17:50 | Create | Villager (Male) |
| 17:55 | Create | Villager (Male) |
| 18:17 | Create | Villager (Male) |
| 18:18 | Create | Villager (Male) |
| 18:26 | Create | Scout Cavalry |
| 18:29 | Create | Scout Cavalry |
| 18:35 | Create | Villager (Male) |
| 18:42 | Build | House |
| 18:43 | Build | House |
| 18:45 | Build | Outpost |
| 19:12 | Create | Scout Cavalry |
| 19:16 | Create | Villager (Male) |
| 19:16 | Create | Villager (Male) |
| 19:16 | Create | Villager (Male) |
| 19:16 | Create | Villager (Male) |
| 19:18 | Build | Lumber Camp |
| 19:23 | Build | Pasture |
| 19:35 | Create | Villager (Male) |
| 19:35 | Create | Villager (Male) |
| 19:48 | Create | Villager (Male) |
| 19:48 | Create | Villager (Male) |
| 19:56 | Create | Villager (Male) |
| 19:56 | Create | Villager (Male) |
| 20:10 | Age | Castle Age |
| 20:16 | Research | Bodkin Arrow |
| 20:16 | Create | Villager (Male) |
| 20:16 | Create | Villager (Male) |
| 20:18 | Build | Siege Workshop |
| 20:27 | Build | Siege Workshop |
| 20:28 | Create | Villager (Male) |
| 20:30 | Build | Siege Workshop |
| 20:32 | Build | Pasture |
| 20:36 | Build | House |
| 20:47 | Create | Villager (Male) |
| 20:47 | Create | Villager (Male) |
| 20:57 | Create | Villager (Male) |
| 21:13 | Create | Villager (Male) |
| 21:13 | Create | Iron Pagoda |
| 21:15 | Build | House |
| 21:16 | Create | Villager (Male) |
| 21:16 | Create | Villager (Male) |
| 21:23 | Create | Villager (Male) |
Build order — CesarFight
First 150 of 531 actions detected
| 0:00 | Create | Villager (Male) |
| 0:00 | Create | Villager (Male) |
| 0:00 | Create | Villager (Male) |
| 0:01 | Build | House |
| 0:03 | Build | House |
| 0:06 | Create | Villager (Male) |
| 1:12 | Create | Villager (Male) |
| 1:20 | Build | Palisade Gate |
| 1:24 | Build | Palisade Wall |
| 1:26 | Build | Palisade Wall |
| 1:27 | Build | Palisade Wall |
| 1:29 | Build | Palisade Wall |
| 1:32 | Create | Villager (Male) |
| 1:37 | Build | Palisade Wall |
| 1:41 | Build | Palisade Wall |
| 1:43 | Build | Palisade Wall |
| 1:46 | Build | Palisade Wall |
| 1:48 | Build | Palisade Wall |
| 1:52 | Build | Palisade Wall |
| 2:07 | Create | Villager (Male) |
| 2:21 | Create | Villager (Male) |
| 3:03 | Create | Villager (Male) |
| 3:13 | Build | House |
| 3:15 | Build | House |
| 3:19 | Create | Villager (Male) |
| 3:53 | Create | Villager (Male) |
| 3:56 | Build | Lumber Camp |
| 4:23 | Create | Villager (Male) |
| 4:44 | Create | Villager (Male) |
| 5:11 | Create | Villager (Male) |
| 5:17 | Build | Mill |
| 5:35 | Create | Villager (Male) |
| 5:55 | Create | Villager (Male) |
| 6:10 | Build | House |
| 6:11 | Create | Villager (Male) |
| 6:35 | Build | House |
| 6:39 | Create | Villager (Male) |
| 7:12 | Create | Villager (Male) |
| 7:41 | Create | Villager (Male) |
| 7:51 | Build | House |
| 8:02 | Build | Farm |
| 8:10 | Build | Farm |
| 8:13 | Create | Villager (Male) |
| 8:17 | Research | Feudal Age |
| 8:17 | Research | Feudal Age |
| 8:21 | Create | Villager (Male) |
| 8:52 | Build | Mining Camp |
| 9:26 | Create | Villager (Male) |
| 9:26 | Create | Villager (Male) |
| 9:57 | Build | Barracks |
| 10:07 | Research | Loom |
| 10:13 | Build | House |
| 10:21 | Build | Palisade Wall |
| 10:24 | Build | Palisade Wall |
| 10:27 | Build | Palisade Wall |
| 10:28 | Build | Palisade Wall |
| 10:30 | Build | Palisade Wall |
| 10:33 | Build | Palisade Wall |
| 10:55 | Age | Feudal Age |
| 10:58 | Build | Market |
| 11:05 | Build | Blacksmith |
| 11:05 | Create | Villager (Male) |
| 11:23 | Build | Palisade Wall |
| 11:29 | Build | Stone Wall |
| 11:30 | Build | Stone Wall |
| 11:38 | Create | Villager (Male) |
| 11:52 | Research | Castle Age |
| 11:52 | Research | Castle Age |
| 11:52 | Research | Castle Age |
| 11:54 | Research | Double-Bit Axe |
| 12:07 | Build | Watch Tower |
| 12:16 | Build | House |
| 12:19 | Build | House |
| 12:29 | Research | Horse Collar |
| 12:41 | Build | Stone Wall |
| 12:50 | Build | Stone Wall |
| 13:09 | Build | Farm |
| 13:09 | Build | Farm |
| 13:40 | Build | Farm |
| 14:01 | Create | Villager (Male) |
| 14:32 | Age | Castle Age |
| 14:34 | Build | Siege Workshop |
| 14:37 | Create | Villager (Male) |
| 14:37 | Research | Bow Saw |
| 14:42 | Create | Villager (Male) |
| 15:07 | Create | Mangonel |
| 15:16 | Create | Villager (Male) |
| 15:29 | Create | Villager (Male) |
| 15:35 | Build | Farm |
| 15:50 | Create | Villager (Male) |
| 16:10 | Build | Town Center |
| 16:27 | Build | Farm |
| 16:36 | Create | Villager (Male) |
| 16:49 | Create | Villager (Male) |
| 17:12 | Build | Town Center |
| 17:19 | Build | Farm |
| 17:22 | Create | Villager (Male) |
| 17:30 | Create | Villager (Male) |
| 17:31 | Create | Villager (Male) |
| 17:41 | Create | Villager (Male) |
| 17:50 | Create | Villager (Male) |
| 18:06 | Build | Farm |
| 18:07 | Build | Farm |
| 18:09 | Create | Villager (Male) |
| 18:17 | Build | House |
| 18:21 | Build | House |
| 18:28 | Create | Villager (Male) |
| 18:29 | Create | Villager (Male) |
| 18:38 | Create | Villager (Male) |
| 18:46 | Build | Farm |
| 18:48 | Build | Farm |
| 18:49 | Create | Villager (Male) |
| 18:50 | Create | Villager (Male) |
| 18:57 | Create | Villager (Male) |
| 19:05 | Create | Villager (Male) |
| 19:11 | Build | Farm |
| 19:17 | Build | Farm |
| 19:20 | Create | Villager (Male) |
| 19:20 | Create | Villager (Male) |
| 19:23 | Build | Farm |
| 19:29 | Create | Villager (Male) |
| 19:34 | Build | Farm |
| 19:43 | Create | Villager (Male) |
| 19:55 | Create | Villager (Male) |
| 20:03 | Build | Mining Camp |
| 20:07 | Create | Villager (Male) |
| 20:07 | Create | Villager (Male) |
| 20:22 | Create | Villager (Male) |
| 20:23 | Create | Villager (Male) |
| 20:24 | Build | House |
| 20:29 | Create | Villager (Male) |
| 20:34 | Build | Farm |
| 20:36 | Build | Farm |
| 20:37 | Build | Farm |
| 20:38 | Build | Farm |
| 20:39 | Build | Farm |
| 20:41 | Create | Villager (Male) |
| 20:42 | Create | Villager (Male) |
| 20:56 | Build | Gate |
| 21:07 | Create | Villager (Male) |
| 21:10 | Create | Villager (Male) |
| 21:16 | Create | Villager (Male) |
| 21:16 | Create | Villager (Male) |
| 21:23 | Create | Villager (Male) |
| 21:25 | Build | Farm |
| 21:27 | Research | Gold Mining |
| 21:29 | Build | Farm |
| 21:31 | Build | Farm |
| 21:39 | Create | Villager (Male) |
| 21:39 | Create | Villager (Male) |
Match timeline
| 1:24 | CesarFight · wall_segment Palisade Wall x1 |
| 1:26 | CesarFight · wall_segment Palisade Wall x1 |
| 1:27 | CesarFight · wall_segment Palisade Wall x1 |
| 1:29 | CesarFight · wall_segment Palisade Wall x1 |
| 1:37 | CesarFight · wall_segment Palisade Wall x1 |
| 1:41 | CesarFight · wall_segment Palisade Wall x1 |
| 1:43 | CesarFight · wall_segment Palisade Wall x1 |
| 1:46 | CesarFight · wall_segment Palisade Wall x1 |
| 1:48 | CesarFight · wall_segment Palisade Wall x1 |
| 1:52 | CesarFight · wall_segment Palisade Wall x1 |
| 5:56 | HaraKiri_aoe · wall_segment Palisade Wall x1 |
| 5:59 | HaraKiri_aoe · wall_segment Palisade Wall x1 |
| 6:01 | HaraKiri_aoe · wall_segment Palisade Wall x1 |
| 6:02 | HaraKiri_aoe · wall_segment Palisade Wall x1 |
| 9:46 | HaraKiri_aoe · age_up feudal |
| 9:57 | CesarFight · first_building Barracks |
| 10:21 | CesarFight · wall_segment Palisade Wall x4 |
| 10:24 | CesarFight · wall_segment Palisade Wall x4 |
| 10:27 | CesarFight · wall_segment Palisade Wall x1 |
| 10:28 | CesarFight · wall_segment Palisade Wall x1 |
| 10:30 | CesarFight · wall_segment Palisade Wall x1 |
| 10:33 | CesarFight · wall_segment Palisade Wall x4 |
| 10:55 | CesarFight · age_up feudal |
| 11:23 | CesarFight · wall_segment Palisade Wall x5 |
| 11:29 | CesarFight · wall_segment Stone Wall x1 |
| 11:30 | CesarFight · wall_segment Stone Wall x4 |
| 11:51 | CesarFight · first_market_sell 100 food |
| 12:41 | CesarFight · wall_segment Stone Wall x4 |
| 12:50 | CesarFight · wall_segment Stone Wall x1 |
| 14:14 | CesarFight · first_market_buy 100 stone |
| 14:32 | CesarFight · age_up castle |
| 14:34 | CesarFight · first_building Siege Workshop |
| 15:19 | HaraKiri_aoe · first_building Barracks |
| 15:35 | HaraKiri_aoe · first_market_buy 100 food |
| 16:26 | HaraKiri_aoe · first_building Stable |
| 20:10 | HaraKiri_aoe · age_up castle |
| 20:18 | HaraKiri_aoe · first_building Siege Workshop |
| 24:08 | CesarFight · wall_segment Stone Wall x1 |
| 24:09 | CesarFight · wall_segment Stone Wall x1 |
| 26:18 | CesarFight · first_building Castle |
| 29:02 | CesarFight · first_building Stable |
| 30:19 | CesarFight · age_up imperial |
| 32:15 | CesarFight · first_building Monastery |
| 32:21 | HaraKiri_aoe · first_building Castle |
| 32:25 | HaraKiri_aoe · first_building Monastery |
| 32:34 | CesarFight · first_building Archery Range |
| 33:59 | CesarFight · wall_segment Stone Wall x2 |
| 37:32 | HaraKiri_aoe · first_building Archery Range |
| 39:22 | HaraKiri_aoe · age_up imperial |
| 39:30 | HaraKiri_aoe · first_market_sell 500 food |
| 41:22 | HaraKiri_aoe · resign |
[ AI ANALYSIS · 1 CREDIT ]
What really happened in this match?
Wolo.gg analyzes every decision: build order, eco, micro, common mistakes by bracket. Personalized analysis on WhatsApp or Discord in 30 seconds.
Civ guide
Khitans
Perfil
Jugador #5367941